 Dungeon Crawl Stone Soup version 0.31-a0-222-gefeffbb62a (webtiles) character file.

Game seed: 8038882645208846281

488 olmar the Ruffian (level 6, 0/45 (48) HPs)
             Began as a Draconian Transmuter on July 5, 2023.
             Slain by a gnoll sergeant
             ... wielding a +0 spear
              (7 damage)
             ... on level 5 of the Dungeon.
             The game lasted 00:06:23 (3228 turns).

olmar the Ruffian (Draconian Transmuter)            Turns: 3228, Time: 00:06:24

HP:   0/45 (48)     AC:  6    Str: 13    XL:     6   Next: 90%
MP:   8/10          EV: 12    Int: 15    God:
Gold: 255           SH:  0    Dex: 11    Spells: 6/11 levels left

rFire   . .          .
                       - Unarmed
rCold   . . .        (no shield)
rNeg    . . .        (body armour unavailable)
rPois   .            (helmet restricted)
rElec   .            (no cloak)
rCorr   .            (no gloves)
SInv    .            (no boots)
Will    .....        l - amulet of regeneration
Stlth   +            (no ring)
HPRegen 1.07/turn    (no ring)
MPRegen 0.12/turn

%: no passive effects
@: about to teleport, very slightly contaminated, drained
A: AC +6, unfitting armour, cold-blooded
a: no special abilities


You were on level 5 of the Dungeon.
You visited 1 branch of the dungeon, and saw 5 of its levels.

You collected 255 gold pieces.

Inventory:

Missiles
 e - 2 poisoned darts
Jewellery
 l - an amulet of regeneration (around neck)
Scrolls
 a - a scroll of enchant armour {unknown}
 d - a scroll of noise {unknown}
 g - a scroll of amnesia {unknown}
 h - a scroll of enchant weapon
 m - a scroll of immolation {unknown}
 n - a scroll of fog {unknown}
 o - a scroll of blinking {unknown}
 q - a scroll of revelation {unknown}
 r - a scroll of vulnerability {unknown}
Potions
 b - 2 potions of haste
 c - a potion of enlightenment
 f - a potion of berserk rage {unknown}
 i - 2 potions of curing {unknown}
 k - 3 potions of mutation {unknown}
 p - a potion of lignification


   Skills:
 + Level 2.1 Fighting
 + Level 0.1 Throwing
 + Level 3.2 Dodging
 + Level 0.9 Stealth
 + Level 5.8 Unarmed Combat
 + Level 3.2 Spellcasting
 + Level 2.8 Transmutations
 + Level 0.3 Evocations


You had 6 spell levels left.
You knew the following spells:

 Your Spells              Type           Power      Damage    Failure   Level
a - Beastly Appendage     Tmut           20%        N/A       6%          1
b - Passwall              Tmut/Erth      5%         N/A       17%         2
c - Wereblood             Tmut           10%        N/A       10%         2

Your spell library contained the following spells:

 Spells                   Type           Power      Damage    Failure   Level
 Sandblast                Erth           4%         2d4       21%         1
 Sublimation of Blood     Necr           2%         N/A       30%         2
 Spider Form              Tmut/Pois      6%         N/A       32%         3
 Inner Flame              Hex/Fire       2%         N/A       52%         3
 Stone Arrow              Conj/Erth      4%         3d7       52%         3
 Ice Form                 Ice/Tmut       6%         N/A       73%         4
 Petrify                  Tmut/Erth      6%         N/A       73%         4
 Irradiate                Conj/Tmut      3%         3d12      97%         5
 Yara's Violent Unravell  Hex/Tmut       3%         3d4       97%         5
 Enfeeble                 Hex            1%         N/A       100%        7


Dungeon Overview and Level Annotations

Branches:
Dungeon (5/15)
 Temple: D:4-7

Altars:
Vehumet

Annotations:
D:4 Dowan, Duvessa, Sigmund


Innate Abilities, Weirdness & Mutations

Your plain brown scales are hard. (AC +6)
You cannot fit into any form of body armour.
You are cold-blooded and may be slowed by cold attacks.


Message History

Confirm with . or Enter, or press ? or * to list all spells.
You miscast Wereblood.
You are very lightly contaminated with residual magic.
Nothing appears to happen.
An orc comes into view. It is wielding a +0 flail.
An orc priest comes into view. It is wielding a +0 club.
The gnoll hits you with a +0 spear!
A gnoll comes into view. It is wielding a +0 halberd.
Unknown command.
Unknown command.
As you read the scroll of teleportation, it crumbles to dust.
You feel strangely unstable. The gnoll hits you with a +0 spear.
You punch the gnoll!
The gnoll is heavily wounded.
The gnoll sergeant hits you from afar with a +0 spear!
The gnoll hits you with a +0 spear.
Unknown command.
You are too injured to fight recklessly!
You are too injured to fight recklessly!
You are too injured to fight recklessly!
Unknown command.
You are too injured to fight recklessly!
You hit the gnoll.
The gnoll is severely wounded.
The gnoll sergeant hits you from afar with a +0 spear!
* * * LOW HITPOINT WARNING * * *
The orc closely misses you.
A gnoll comes into view. It is wielding a +0 spear.
The gnoll closely misses you.
The gnoll shouts!
You hit the gnoll.
You kill the gnoll!
The gnoll sergeant hits you from afar with a +0 spear.
* * * LOW HITPOINT WARNING * * *
The orc hits you with a +0 flail.
* * * LOW HITPOINT WARNING * * *
The gnoll closely misses you. The orc attacks as you move away!
The orc hits you but does no damage.
The gnoll sergeant hits you from afar with a +0 spear!
You die...

.#### .#.#
...### ....###
#g....####
#gg#.....#
##.........
#.<@.......
......o.........
......##lo....##
...... o.....##
..... .....##
..... .....##
#### ##....
#..... .


You could see a gnoll sergeant, an iguana, an orc priest, 2 gnolls and 2 orcs.

Vanquished Creatures
  Menkaure (D:4)
  A jelly (D:4)
  A hound (D:4)
  An iguana (D:4)
  A sleepcap (D:4)
  Natasha (thrice) (D:2)
  Robin (D:4)
  5 gnolls
  2 adders (D:3)
  An ufetubus (D:4)
  A worm (D:2)
  A dart slug (D:1)
  9 orcs
  7 bats
  4 endoplasms
  4 giant cockroaches
  15 goblins
  12 hobgoblins
  10 kobolds
  2 quokkas (D:3)
  5 ball pythons
  3 frilled lizards (D:1)
  2 rats (D:1)
92 creatures vanquished.

Vanquished Creatures (others)
  A giant cockroach (D:3)
1 creature vanquished.

Grand Total: 93 creatures vanquished

Notes
Turn   | Place    | Note
-------+----------+-------------------------------------------
     0 | D:1      | olmar the Draconian Transmuter began the quest for the Orb.
     0 | D:1      | Reached XP level 1. HP: 16/16 MP: 3/3
   152 | D:1      | Reached XP level 2. HP: 23/23 MP: 5/5
   603 | D:1      | Reached XP level 3. HP: 27/28 MP: 6/6
   947 | D:2      | Learned a level 2 spell: Passwall
   950 | D:2      | Learned a level 2 spell: Wereblood
  1240 | D:2      | Noticed Natasha
  1247 | D:2      | Killed Natasha
  1248 | D:2      | Reached skill level 4 in Unarmed Combat
  1248 | D:2      | Reached XP level 4. HP: 34/35 MP: 7/7
  1251 | D:2      | Noticed Natasha
  1258 | D:2      | Killed Natasha
  1361 | D:2      | Found a faded altar of an unknown god.
  1394 | D:2      | Noticed Natasha
  1401 | D:2      | Killed Natasha
  1438 | D:2      | Found a radiant altar of Vehumet.
  1825 | D:3      | Reached XP level 5. HP: 38/41 MP: 5/8
  2372 | D:4      | Reached skill level 5 in Unarmed Combat
  2523 | D:4      | Noticed Sigmund
  2529 | D:4      | Noticed Robin
  2541 | D:4      | Noticed Menkaure
  2568 | D:4      | Reached XP level 6. HP: 48/48 MP: 6/10
  2579 | D:4      | Killed Robin
  2582 | D:4      | Killed Menkaure
  2936 | D:5      | Entered Level 5 of the Dungeon
  2936 | D:5      | Noticed an ice beast
  3108 | D:4      | Noticed Duvessa
  3108 | D:4      | Noticed Dowan
  3228 | D:5      | Slain by a gnoll sergeant

Illustrated notes

Levels and vault maps discovered:
D:1:      minmay_arrival_jagged, layout_basic, hangedman_decor_lopped
D:2:      layout_rooms, shapermc_ecumenical_altar_flowoftime, basic_altar,
          uniq_natasha
D:3:      layout_basic
D:4:      layout_loops_ring, uniq_duvessa, uniq_menkaure, uniq_sigmund,
          uniq_robin
D:5:      layout_cave_pools, nrook_loot_triangle

Skill      XL: |  1  2  3  4  5  6 |
---------------+-------------------+-----
Dodging        | 2 3 |  3.2
Unarmed Combat | 4 5 |  5.8
Fighting       | 2 |  2.1
Spellcasting   | 3 |  3.2
Throwing       | |  0.1
Stealth        | |  0.9
Transmutations | |  2.8
Evocations     | |  0.3

Action                     |  1- 3 |  4- 6 || total
---------------------------+-------+-------++-------
  Melee: Unarmed           |   111 |   178 ||   289
         Tailslap          |    13 |    25 ||    38
         Kick              |     2 |    13 ||    15
         Headbutt          |     2 |    11 ||    13
         Punch             |       |     4 ||     4
  Throw: Dart              |       |     3 ||     3
   Cast: Beastly Appendage |     4 |    10 ||    14
         Wereblood         |       |     9 ||     9
         Passwall          |       |     2 ||     2
  Evoke: Wand              |       |     4 ||     4
    Use: Scroll            |       |     5 ||     5
         Potion            |       |     1 ||     1
 Armour: Skin              |    29 |    67 ||    96
  Dodge: Dodged            |    73 |   119 ||   192

Table legend: (Time is in decaauts)
 A = Elapsed time spent in this place.
 B = Non-inter-level travel time spent in this place.
 C = Inter-level travel time spent in this place.
 D = Time resting spent in this place.
 E = Time spent auto-exploring this place.
 F = Levels seen in this place.
 G = Mean time per level.
                   A        B        C        D        E       F      G
               +--------+--------+--------+--------+--------+-----+--------+
         Total |   3216 |   3097 |    119 |    172 |   2100 |   5 |  643.2 |
       Dungeon |   3216 |   3097 |    119 |    172 |   2100 |   5 |  643.2 |
               +--------+--------+--------+--------+--------+-----+--------+

Top non-repeatable levels by time:
     D:4: 992 daAuts
     D:1: 929 daAuts
     D:2: 659 daAuts
     D:3: 626 daAuts
     D:5: 8 daAuts
